AoeStats
← 一杯冰美式

Arena

510685434Analyzed
3v3 RM · 1d ago on Oct 2, 2026· 43m 30s· 6 players
Game mode
Random Map
Map size
Normal (6 player)
Population
200
Speed
Normal
Resources
Standard
Victory
Conquest
Starting age
Dark Age
Ending age
Imperial Age
RankedLock teamsTeams togetherTeam positionsShared explorationLock speedFull tech treeHidden civsTurbo modeCheats
Victory
Defeat
🇺🇸 Romans · United States
1180
+18
🇹🇼 Japanese · Taiwan
1173
+19
🇺🇸 Danes · United States
1091
+22
🇦🇷 Wei · Argentina
1312
-23
🇦🇷 Cumans · Argentina
1206
-19
🇦🇷 Chinese · Argentina
1160
-17
treetoptony
10:23 Feudal Age
14:39 Castle Age
12:51 Double-Bit Axe
12:50 Horse Collar
13:38 Gold Mining
14:28 Wheelbarrow
16:20 Bow Saw
16:08 Man-at-Arms
16:51 Scale Mail Armor
25:32 Long Swordsman
26:13 Squires
26:43 Ballistics
28:39 Chain Mail Armor
30:03 Forging
34:36 Imperial Age
31:54 Town Watch
33:55 Hand Cart
33:26 Loom
33:41 Town Patrol
34:21 Iron Casting
34:39 Gold Shaft Mining
33:54 Stone Mining
34:37 Heavy Scorpion
37:16 Chemistry
36:28 Masonry
38:39 Blast Furnace
37:25 Legionary
39:09 Siege Engineers
39:23 Heavy Plow
40:11 Conscription
40:27 Comitatenses
40:17 Capped Ram
41:26 Ballistas
41:58 Pikeman
42:48 Halberdier
xxSle3py
0:27 Loom
10:08 Feudal Age
14:59 Castle Age
12:51 Double-Bit Axe
13:16 Horse Collar
13:00 Man-at-Arms
17:38 Bow Saw
20:39 Heavy Plow
23:46 Wheelbarrow
23:59 Scale Mail Armor
24:00 Padded Archer Armor
24:38 Squires
24:25 Gambesons
24:58 Forging
25:05 Chain Mail Armor
25:18 Hand Cart
26:17 Thumb Ring
26:38 Fletching
27:12 Thumb Ring
27:13 Elite Skirmisher
28:04 Gold Mining
28:04 Stone Mining
28:44 Ballistics
29:39 Leather Archer Armor
29:20 Bodkin Arrow
30:24 Gold Shaft Mining
30:24 Stone Shaft Mining
30:22 Hamask
34:51 Imperial Age
33:31 Loom
33:31 Town Watch
34:01 Masonry
36:40 Chemistry
35:43 Bracer
36:13 Ring Archer Armor
36:19 Iron Casting
36:14 Plate Mail Armor
36:33 Conscription
37:29 Town Patrol
36:55 Elite Varangian Guard
37:21 Arson
42:41 Blast Furnace
42:28 Heavy Mounted Crossbowman
42:28 Cranequins
一杯冰美式
0:54 Loom
11:25 Feudal Age
15:58 Castle Age
13:55 Double-Bit Axe
14:18 Horse Collar
15:15 Stone Mining
16:05 Gold Mining
20:12 Bow Saw
20:05 Heavy Plow
28:50 Imperial Age
26:08 Town Watch
27:20 Gold Shaft Mining
33:16 Two-Man Saw
34:21 Conscription
36:03 Arson
36:18 Squires
38:03 Forging
37:54 Scale Mail Armor
39:41 Chain Mail Armor
40:01 Iron Casting
41:29 Plate Mail Armor
The Sar AOE
0:26 Loom
9:36 Feudal Age
10:52 Double-Bit Axe
16:29 Castle Age
14:50 Stone Mining
16:05 Horse Collar
16:32 Fletching
20:31 Wheelbarrow
20:00 Bodkin Arrow
22:23 Padded Archer Armor
27:12 Leather Archer Armor
28:39 Hand Cart
28:09 Town Watch
36:52 Imperial Age
37:22 Ballistics
38:30 Scale Mail Armor
38:40 Forging
38:14 Elite Fire Lancer
43:10 Caravan
ZY_Heizerd
8:12 Loom
11:10 Feudal Age
15:27 Castle Age
13:42 Double-Bit Axe
13:40 Horse Collar
19:22 Fletching
25:03 Bow Saw
25:31 Bloodlines
26:45 Husbandry
28:08 Thumb Ring
29:05 Heavy Plow
29:07 Gold Mining
30:32 Wheelbarrow
30:49 Scale Barding Armor
31:49 Chain Barding Armor
36:39 Imperial Age
34:27 Forging
36:02 Gold Shaft Mining
36:57 Ballistics
36:41 Heavy Hei Guang Cavalry
38:02 Iron Casting
39:33 Chemistry
42:02 Blast Furnace
zY.Thorfinn
5:46 Loom
9:53 Feudal Age
10:32 Double-Bit Axe
12:48 Loom
14:59 Horse Collar
18:53 Castle Age
18:27 Gold Mining
19:57 Fletching
21:18 Padded Archer Armor
24:16 Bodkin Arrow
26:37 Steppe Husbandry
26:56 Steppe Husbandry
29:07 Ballistics
30:02 Leather Archer Armor
31:10 Heavy Plow
31:24 Bow Saw
32:37 Scale Barding Armor
34:25 Chain Barding Armor
35:11 Wheelbarrow
38:32 Imperial Age
36:06 Heavy Plow
36:32 Bloodlines
36:54 Forging
38:49 Iron Casting
39:40 Gold Shaft Mining
38:44 Elite Steppe Lancer
39:34 Light Cavalry
41:02 Plate Barding Armor
40:52 Hand Cart
40:29 Stone Mining
41:52 Blast Furnace
Connection lost

Rejoining the realm…

Still unreachable

The connection could not be restored.

Session expired

The server has moved on; the page needs a fresh start.